 Dungeon Crawl Stone Soup version 0.29-a0-1065-g47a6bb87d6 (webtiles) character file.

Game seed: 15577070537668905758

105 Newt the Trooper (level 4, -2/37 HPs)
             Began as a Demonspawn Gladiator on Aug 18, 2022.
             Slain by Pikel
             ... wielding a +0 whip of freezing
              (3 damage)
             ... on level 3 of the Dungeon.
             The game lasted 00:03:54 (2765 turns).

Newt the Trooper (Demonspawn Gladiator)             Turns: 2765, Time: 00:03:55

Health: -2/37      AC:  5    Str: 16    XL:     4   Next: 54%
Magic:  4/4        EV:  8    Int:  9    God:
Gold:   72         SH: 11    Dex: 15    Spells: 3/3 levels left

rFire   . . .      SeeInvis .   a - +1 rapier
rCold   . . .      Faith    .   s - +0 tower shield
rNeg    . . .      Spirit   .   b - +0 leather armour
rPois   .          Reflect  .   c - +0 helmet
rElec   .          Harm     .   (no cloak)
rCorr   .          Rampage  .   (no gloves)
Will    .....                   (no boots)
Stlth   ++........              (no amulet)
HPRegen 0.12/turn               (no ring)
MPRegen 0.09/turn               (no ring)

@: no status effects
A: powered by death 1, sharp scales 1
a: no special abilities


You were on level 3 of the Dungeon.
You visited 1 branch of the dungeon, and saw 4 of its levels.

You collected 144 gold pieces.
You spent 72 gold pieces at shops.

Inventory:

Hand Weapons
 a - a +1 rapier (weapon)
Missiles
 d - a throwing net
 e - a javelin
 f - 80 stones (quivered)
 i - 4 boomerangs
 v - 3 curare-tipped darts
Armour
 b - a +0 leather armour (worn)
 c - a +0 helmet (worn)
 s - a +0 tower shield (worn)
Jewellery
 o - a +4 ring of protection
 p - an amulet of regeneration
 r - a ring of protection from cold
 x - an amulet of the acrobat
Wands
 t - a wand of flame (19)
Scrolls
 j - 4 scrolls of butterflies
 k - a scroll of teleportation
 q - a scroll of vulnerability
 u - a scroll of enchant weapon
 w - a scroll of torment
 y - a scroll of summoning
 A - a scroll of fear
Potions
 g - 3 potions of flight
 h - 4 potions of curing
 m - a potion of ambrosia {unknown}
 n - a potion of berserk rage {unknown}


   Skills:
 - Level 4.0 Fighting
 - Level 2.6 Short Blades
 - Level 1.7 Throwing
 - Level 2.6 Dodging
 - Level 2.0 Stealth
 + Level 1.1 Shields


You had 3 spell levels left.
You didn't know any spells.
Your spell library contained the following spells:

 Spells                   Type           Power      Damage    Failure   Level
 Sandblast                Erth           0%         2d4       100%        1
 Shock                    Conj/Air       0%         1d3       100%        1
 Passwall                 Tmut/Erth      0%         N/A       100%        2
 Inner Flame              Hex/Fire       0%         N/A       100%        3
 Stone Arrow              Conj/Erth      0%         3d7       100%        3
 Swiftness                Air            0%         N/A       100%        3
 Airstrike                Air            0%         2d(0-16)  100%        4
 Cause Fear               Hex            0%         N/A       100%        4
 Discord                  Hex            0%         N/A       100%        8


Dungeon Overview and Level Annotations

Branches:
Dungeon (4/15)
 Temple: D:4-7

Altars:

Shops:
D:3 ?

Annotations:
D:3 Pikel


Innate Abilities, Weirdness & Mutations

You regenerate a little health from kills.
You are partially covered in razor-sharp scales. (AC +1, Slay +1)


Message History

Pikel is severely wounded.
Your transformation is almost over.
Pikel hits you with a +0 whip of freezing!
Pikel freezes you.
* * * LOW HITPOINT WARNING * * *
You hit Pikel.
Pikel is severely wounded.
Pikel hits you but does no damage. You block Pikel's attack.
You hit Pikel but do no damage.
Pikel is severely wounded.
Pikel hits you but does no damage.
You hit Pikel but do no damage.
Pikel is severely wounded.
Pikel barely misses you. You block Pikel's attack.
You hit Pikel.
Pikel is almost dead.
You block Pikel's attack.
You closely miss Pikel.
Pikel is almost dead.
You block Pikel's attack. x2
You hit Pikel.
Pikel is almost dead.
You feel less wooden.
Your +0 helmet unmelds from your body.
Your +0 leather armour unmelds from your body.
Pikel hits you with a +0 whip of freezing.
* * * LOW HITPOINT WARNING * * *
Pikel freezes you.
* * * LOW HITPOINT WARNING * * *
Throw: 2 throwing nets
Press: ? - help, Shift-Dir - straight line, f/p - Pikel
Aim: Pikel, wielding a +0 whip of freezing and wearing a +0 robe (almost dead, 55% to hit)
You throw a throwing net. The throwing net closely misses Pikel.
The throwing net completely misses the lemure.
You block Pikel's attack.
Pikel says, "Hell isn't that bad."
Pikel hits you with a +0 whip of freezing.
* * * LOW HITPOINT WARNING * * *
Pikel freezes you.
You die...

..# #......# ..#### #..#####
.....# #..# .<...####..#
...........# ...........#
...........#####
...............#################
.........(....5K@..รท...........#
.####.........5#######.#########
.# #..##......# #.# .#
###..#......# #.# .#
#......###### #.# .#
#......######## #.# .#
#....>........# #.# .#
#############.#####.# .###
#.........#


You could see Pikel and 2 lemures.

Vanquished Creatures
  3 adders
  2 dart slugs
  An orc (D:3)
  7 bats
  4 endoplasms
  2 giant cockroaches
  7 goblins
  8 hobgoblins
  6 jackals (D:3)
  7 kobolds
  2 quokkas
  5 ball pythons
  10 frilled lizards (D:3)
  3 rats
67 creatures vanquished.

Vanquished Creatures (others)
  6 plants (D:3)
6 creatures vanquished.

Grand Total: 73 creatures vanquished

Notes
Turn   | Place    | Note
-------+----------+-------------------------------------------
     0 | D:1      | Newt the Demonspawn Gladiator began the quest for the Orb.
     0 | D:1      | Reached XP level 1. HP: 16/16 MP: 1/1
   346 | D:1      | Reached skill level 1 in Stealth
   398 | D:1      | Gained mutation: You are partially covered in razor-sharp
                  | scales. (AC +1, Slay +1) [demonic ancestry]
   398 | D:1      | Reached XP level 2. HP: 22/22 MP: 2/2
  1100 | D:2      | Found a faded altar of an unknown god.
  1102 | D:2      | Reached XP level 3. HP: 28/28 MP: 3/3
  1467 | D:2      | Reached skill level 3 in Fighting
  1930 | D:3      | Gained mutation: You regenerate a little health from kills.
                  | [demonic ancestry]
  1930 | D:3      | Reached XP level 4. HP: 34/37 MP: 4/4
  2213 | D:3      | Found Kes Daujyo's Magic Scroll Shoppe.
  2216 | D:3      | Bought a scroll of identify for 24 gold pieces
  2216 | D:3      | Bought a scroll of fear for 48 gold pieces
  2309 | D:3      | Reached skill level 4 in Fighting
  2690 | D:3      | Reached skill level 1 in Shields
  2724 | D:4      | Noticed Pikel
  2724 | D:4      | Noticed a lemure
  2724 | D:4      | Noticed a lemure
  2724 | D:4      | Noticed a lemure
  2724 | D:4      | Noticed a lemure
  2765 | D:3      | HP: 1/37 [Pikel/+0 whip of freezing (6)]
  2765 | D:3      | Slain by Pikel

Illustrated notes

Levels and vault maps discovered:
D:1:      minmay_arrival_shattered_statue, layout_rooms,
          kennysheep_pointless_box, minmay_misc_feat_tiny, minmay_fountain_box
D:2:      layout_loops_ring, hellmonk_ecumenical_altar_leap_of_faith
D:3:      layout_basic, serial_shops, nicolae_shop_behind_doors,
          nicolae_hexahallways, serial_bayou_ford_a, minmay_lizard_king
D:4:      layout_loops_ring, old_standard_altar, slow_altar_1,
          lemuel_crystal_altar, grunt_dithmenos_smoke_and_mirrors, uniq_pikel

Skill      XL: |  1  2  3  4 |
---------------+-------------+-----
Stealth        | 1 2 |  2.0
Fighting       | 3 4 |  4.0
Shields        | 1 |  1.1
Short Blades   | |  2.6
Throwing       | |  1.7
Dodging        | |  2.6

Action                   |  1- 3 |  4- 6 || total
-------------------------+-------+-------++-------
Melee: Rapier            |   139 |    75 ||   214
Throw: Stone             |     1 |       ||     1
       Throwing net      |       |     2 ||     2
  Use: Scroll            |     5 |     4 ||     9
       Potion            |       |     1 ||     1
 Stab: Sleeping          |     5 |     2 ||     7
       Distracted        |       |     1 ||     1
       Held in net/web   |       |     1 ||     1
Armor: Leather armour    |    39 |    24 ||    63
       Skin              |       |     8 ||     8
Dodge: Dodged            |    67 |    27 ||    94
Block: Tower shield      |    37 |    55 ||    92

Table legend: (Time is in decaauts)
 A = Elapsed time spent in this place.
 B = Non-inter-level travel time spent in this place.
 C = Inter-level travel time spent in this place.
 D = Time resting spent in this place.
 E = Time spent auto-exploring this place.
 F = Levels seen in this place.
 G = Mean time per level.
                   A        B        C        D        E       F      G
               +--------+--------+--------+--------+--------+-----+--------+
         Total |   2852 |   2760 |     92 |    202 |   2001 |   4 |  713.0 |
       Dungeon |   2852 |   2760 |     92 |    202 |   2001 |   4 |  713.0 |
               +--------+--------+--------+--------+--------+-----+--------+

Top non-repeatable levels by time:
     D:3: 963 daAuts
     D:1: 957 daAuts
     D:2: 929 daAuts
     D:4: 1 daAuts
